 Dungeon Crawl Stone Soup version 0.18.1-1-g2f07953 (webtiles) character file.

38 imoen the Insei (level 3, 0/19 HPs)
             Began as a Vine Stalker Monk on May 6, 2016.
             Was a Believer of Cheibriados.
             Slain by an orc
             ... wielding a +0 whip
              (3 damage)
             ... on level 3 of the Dungeon.
             The game lasted 00:03:33 (134 turns).

imoen the Insei (Vine Stalker Monk)                  Turns: 134, Time: 00:03:34

Health: 0/19       AC:  2    Str: 19    XL:     3   Next: 43%
Magic:  0/4        EV: 14    Int: 16    God:    Cheibriados [**....]
Gold:   0          SH:  0    Dex: 23    Spells: 0 memorised, 2 levels left

rFire  . . .     SeeInvis .       - Unarmed
rCold  . . .     Gourm    .     a - +0 robe
rNeg   + . .     Faith    .     (no shield)
rPois  .         Spirit   +     (no helmet)
rElec  .         Dismiss  .     (no cloak)
rCorr  .         Reflect  .     (no gloves)
SustAt .         Harm     .     (no boots)
MR     .....                    (no amulet)
Stlth  +++.......               (no ring)
                                e - ring of positive energy

@: very slow, not resistant to hostile enchantments, fairly stealthy
A: fangs 2, regeneration 1, magic shield, antimagic bite, no device heal 3, rot
immunity
a: Bend Time, Renounce Religion


You were on level 3 of the Dungeon.
You worshipped Cheibriados.
Cheibriados was pleased with you.
You were not hungry.

You visited 1 branch of the dungeon, and saw 3 of its levels.

Inventory:

Armour
 a - a +0 robe (worn)
Jewellery
 e - a ring of positive energy (left hand)
   (You found it on level 1 of the Dungeon)
Scrolls
 d - a scroll of fog {unknown}
 f - a scroll of fear {unknown}
 g - a scroll of teleportation {unknown}
 h - a scroll of magic mapping {unknown}
 i - a scroll of enchant armour {unknown}
Comestibles
 b - 2 bread rations
 c - a fruit


   Skills:
 - Level 2.6 Fighting
 - Level 2.4 Dodging
 - Level 2.4 Stealth
 + Level 5.1 Unarmed Combat


You had 2 spell levels left.
You didn't know any spells.

Dungeon Overview and Level Annotations

Branches:
Dungeon (2/15)

Altars:
Cheibriados


Innate Abilities, Weirdness & Mutations

You have extremely sharp teeth.
Your natural rate of healing is unusually fast.
When hurt, damage is shared between your health and your magic reserves.
Your bite disrupts and absorbs the magic of your enemies.
Potions and wands cannot restore your health.
You are immune to rotting.


Message History

This altar will convert you to a god.
You cannot discern which.
Do you pray? Cheibriados accepts your prayer! Cheibriados welcomes you!
Cheibriados slows and strengthens your metabolism.
Cheibriados raises the support of your attributes as your movement slows. x3
Cheibriados begins to support your attributes as your movement slows. x2
You can now bend time to slow others.
Cheibriados raises the support of your attributes as your movement slows. x2
Unknown command.
You don't have enough magic capacity.
You don't have enough magic capacity.
You hit the worm but do no damage. You bite the worm, but do no damage.
The kobold barely misses you. The worm closely misses you.
You hit the worm. You bite the worm. You drain its power. The kobold hits you.
You take 1 damage, and have 10/11 hp.
You hit the worm. You bite the worm. You drain its power.
The kobold closely misses you. The worm barely misses you.
Unknown command.
You punch the kobold!
You kill the kobold!
Cheibriados appreciates the change of pace.
Unknown command.
You hit the worm. You bite the worm. You drain its power.
The worm completely misses you.
Health restored: 11 You punch the worm!
You kill the worm!
You have reached level 2!
Health restored: 16; MP restored: 3
There is a shaft here.
You fall through a shaft!
The shaft crumbles and collapses.
Unknown command.
A bat comes into view.
The bat hits you but does no damage.
Unknown command.
You miss the bat. You punch the bat.
You kill the bat!
Cheibriados thoroughly appreciates the change of pace.
An orc comes into view. It is wielding a dagger.
You see here a bat corpse.
A kobold comes into view. It is wielding a whip.
Unknown command.
The orc shouts! 2 orcs and an orc wizard come into view.
The kobold shouts!
Unknown command.
You barely miss the orc.
The orc shouts! x2; The orc wizard shouts!
You hit the orc. You bite the orc, but do no damage. You hit the orc wizard.
You barely miss the orc wizard. The orc misses you.
The orc wizard casts a spell at you. The puff of frost hits you!
* * * LOW HITPOINT WARNING * * *
You take 5 damage, and have 11/16 hp.
MASSIVE DAMAGE!!
You now have 2/3 mp.
You hit the orc wizard. Your bite misses the orc wizard.
The orc hits you with a whip.
* * * LOW HITPOINT WARNING * * *
The orc wizard closely misses you.
You take 4 damage, and have 7/16 hp.
MASSIVE DAMAGE!!
You now have 1/3 mp.
You closely miss the orc wizard. Your bite misses the orc wizard.
The orc closely misses you. The orc wizard closely misses you.
Unknown command.
You barely miss the orc wizard. Your bite misses the orc wizard.
The orc hits you but does no damage. The orc wizard closely misses you.
Unknown command.
Okay, then.
You don't have enough magic at the moment.
You hit the orc wizard. Your bite misses the orc wizard.
The orc barely misses you. The orc wizard hits you with a dagger.
* * * LOW HITPOINT WARNING * * *
You take 5 damage, and have 3/16 hp.
MASSIVE DAMAGE!!
You hit the orc wizard but do no damage.
You bite the orc wizard.
The orc wizard's magic leaks into the air.
You drain its magic.
You feel invigorated. The orc closely misses you.
MP restored: 3 Unknown command.
You hit the orc wizard. The orc wizard hits you with a dagger.
* * * LOW HITPOINT WARNING * * *
The orc barely misses you.
You take 1 damage, and have 2/16 hp.
You now have 2/3 mp.
Unknown command.
You hit the orc wizard.
You kill the orc wizard!
Cheibriados appreciates the change of pace.
Your Unarmed Combat skill increases to level 5!
You have reached level 3!
Your experience leads to an increase in your attributes!
Your base attributes are Str 13, Int 10, Dex 16.
Increase (S)trength, (I)ntelligence, or (D)exterity?
You feel agile. The orc hits you with a whip.
You die...

#.# .## ###.
#.## ..##....
#..###.#..#
##(.##.^.#
##....#.####
####†#....#
#...# #..##
#.@# #...ooo..#
.....#.#K...#
.###...#.......
##.....".###
##. ...... #.
....#.. #.
.##.>..


You could see 3 orcs and a kobold.

Vanquished Creatures
  An orc wizard (D:3)
  A worm (D:2)
  A giant gecko (D:1)
  2 bats
  2 kobolds
  2 rats
9 creatures vanquished.

Notes
Turn   | Place    | Note
--------------------------------------------------------------
     0 | D:1      | imoen the Vine Stalker Monk began the quest for the Orb.
     0 | D:1      | Reached XP level 1. HP: 11/11 MP: 2/2
    77 | D:2      | Found a faded altar to an unknown god.
    88 | D:2      | Became a worshipper of Cheibriados the Contemplative
    88 | D:2      | Reached * piety under Cheibriados
    88 | D:2      | Reached ** piety under Cheibriados
    93 | D:2      | Reached XP level 2. HP: 16/16 MP: 3/3
   111 | D:2      | You fall through a shaft!
   131 | D:3      | HP: 3/16 [orc wizard/dagger (5)]
   134 | D:3      | Reached skill level 5 in Unarmed Combat
   134 | D:3      | Reached XP level 3. HP: 3/19 MP: 2/4
   134 | D:3      | Slain by an orc

Skill      XL: |  1  2 |
---------------+-------+-----
Unarmed Combat | 5 |  5.1
Fighting       | |  2.6
Dodging        | |  2.4
Stealth        | |  2.4

Action                   || total
-------------------------++-------
Melee: Unarmed           ||    23
       Bite              ||     6
       Punch             ||     1
Armor: Robe              ||     2
Dodge: Dodged            ||    26

Vault maps used:
D:1:      dpeg_arrival_orchard
D:2:      ecumenical_altar_2

Table legend:
 A = Turns spent in this place as a percentage of turns spent in the entire game.
 B = Non-inter-level travel turns spent in this place as a percentage of non-inter-level travel turns spent in the entire game.
 C = Inter-level travel turns spent in this place as a percentage of turns spent in this place.
 D = Turns resting spent in this place as a percentage of non-inter-level travel turns spent in this place.
 E = Turns spent auto-exploring this place as a percentage of non-inter-level travel turns spent in this place.
 F = Non-inter-level travel turns spent in this place divided by the number of levels of this place that you've seen.
                   A       B       C       D       E      F
               +-------+-------+-------+-------+-------+----------------------
         Total | 100.0 | 100.0 |   0.0 |   0.0 |   0.0 |  53.7
       Dungeon | 100.0 | 100.0 |   0.0 |   0.0 |   0.0 |  53.7
               +-------+-------+-------+-------+-------+----------------------

Table legend:
 A = Kills in this place as a percentage of kills in entire the game.
 B = Kills by you in this place as a percentage of kills by you in the entire game.
 C = Kills by friends in this place as a percentage of kills by friends in the entire game.
 D = Other kills in this place as a percentage of other kills in the entire game.
 E = Experience gained in this place as a percentage of experience gained in the entire game.
 F = Experience gained in this place divided by the number of levels of this place that you have seen.
                   A       B       C       D       E      F
               +-------+-------+-------+-------+-------+----------------------
         Total | 100.0 | 100.0 |  -nan |  -nan | 100.0 |  18.3
       Dungeon | 100.0 | 100.0 |  -nan |  -nan | 100.0 |  18.3
               +-------+-------+-------+-------+-------+----------------------
